 Dungeon Crawl Stone Soup version 0.30-a0-782-ge64f9170bb (webtiles) character file.

Game seed: 488598170074688107

770 Crownlay the Ruffian (level 7, -1/70 HPs)
             Began as a Troll Fighter on Mar 8, 2023.
             Slain by a killer bee (2 damage)
             ... on level 4 of the Dungeon.
             The game lasted 00:04:59 (3269 turns).

Crownlay the Ruffian (Troll Fighter)                Turns: 3269, Time: 00:05:00

Health: -1/70      AC:  4    Str: 25    XL:     7   Next: 53%
Magic:  6/6        EV:  8    Int:  6    God:
Gold:   24         SH:  8    Dex:  9    Spells: 6/6 levels left

rFire   . . .      SeeInvis .      - Unarmed
rCold   . . .      Faith    .    b - +0 kite shield
rNeg    . . .      Spirit   .    a - +0 robe
rPois   .          Reflect  .    (helmet restricted)
rElec   .          Harm     .    (no cloak)
rCorr   .          Rampage  .    (gloves unavailable)
Will    .....                    (boots unavailable)
Stlth   +                        (no amulet)
HPRegen 1.11/turn                (no ring)
MPRegen 0.10/turn                (no ring)

@: lethally poisoned (-1 -> -10), flying, hasted, very quick
A: large, unfitting armour, claws 3, regeneration 1, shaggy fur 1, tough skin 1
a: no special abilities


You were on level 4 of the Dungeon.
You visited 1 branch of the dungeon, and saw 5 of its levels.

You collected 105 gold pieces.
You spent 81 gold pieces at shops.

Inventory:

Missiles
 s - 2 boomerangs (quivered)
Armour
 a - a +0 robe (worn)
 b - a +0 kite shield (worn)
Magical Staves
 m - a staff of earth
Scrolls
 e - 3 scrolls of poison
 f - a scroll of fog {unknown}
 i - 2 scrolls of noise {unknown}
 j - 2 scrolls of identify {unknown}
 k - a scroll of blinking {unknown}
 l - 3 scrolls of teleportation {unknown}
 o - 2 scrolls of torment {unknown}
 p - a scroll of vulnerability {unknown}
 q - 2 scrolls of enchant weapon
 u - a scroll of amnesia {unknown}
 w - a scroll of silence {unknown}
Potions
 c - 2 potions of might
 d - 2 potions of flight
 g - a potion of attraction {unknown}
 h - a potion of curing {unknown}
 n - a potion of experience {unknown}
 r - a potion of heal wounds {unknown}
 t - a potion of degeneration {unknown}


   Skills:
 + Level 4.2 Fighting
 - Level 2.4 Dodging
 + Level 4.6 Shields
 * Level 6.2 Unarmed Combat


You had 6 spell levels left.
You didn't know any spells.
Your spell library contained the following spells:

 Spells                   Type           Power      Damage    Failure   Level
 Kiss of Death            Conj/Necr      0%         2d5       75%         1
 Sublimation of Blood     Necr           0%         N/A       86%         2
 Confusing Touch          Hex            0%         N/A       98%         3
 Dispel Undead            Necr           0%         3d6       100%        4
 Petrify                  Tmut/Erth      0%         N/A       100%        4
 Irradiate                Conj/Tmut      0%         3d11      100%        5


Dungeon Overview and Level Annotations

Branches:
Dungeon (5/15)
 Temple: D:4-7

Altars:
Xom

Shops:
D:3 *

Annotations:
D:5 2 runed translucent doors, t4s4d4r's ghost, novice OpEE


Innate Abilities, Weirdness & Mutations

You are too large for most types of armour.
You have claws for hands.
Your natural rate of healing is unusually fast.
You are covered in fur. (AC +1)
You have tough skin. (AC +1)


Message History

You are more poisoned.
The killer bee poisons you! You block the killer bee's attack.
The killer bee barely misses you.
You scratch the killer bee.
The killer bee is lightly wounded.
You feel sick. You block the killer bee's attack.
The killer bee stings you but does no damage.
You claw the killer bee!
The killer bee is heavily wounded.
You feel sick. You block the killer bee's attack.
The killer bee closely misses you.
You barely miss the killer bee.
The killer bee is heavily wounded.
You feel sick. The killer bee stings you. The killer bee closely misses you.
You closely miss the killer bee.
The killer bee is heavily wounded.
You feel sick. You block the killer bee's attack.
The killer bee closely misses you. x2; The killer bee stings you.
You barely miss the killer bee.
The killer bee is heavily wounded.
You feel sick. The killer bee barely misses you. The killer bee stings you.
You miss the killer bee.
The killer bee is heavily wounded.
You feel sick. The killer bee stings you!
* * * LOW HITPOINT WARNING * * *
The killer bee stings you.
* * * LOW HITPOINT WARNING * * *
You are more poisoned.
The killer bee poisons you! You block the killer bee's attack.
The killer bee stings you.
* * * LOW HITPOINT WARNING * * *
You are more poisoned.
The killer bee poisons you!
It was a potion of flight.
You feel very buoyant.
You fly up into the air.
* * * LOW HITPOINT WARNING * * *
You feel very sick. The killer bee stings you.
You die...

#.# ##.### # #....# ###
#####..## #.## .##....#
##..#
.#.....###...#############
...##....#....##.#.#.#.#.##
...#####.[.....y..........#
..## ###.......#@#.#.#.#.##
...###......##.y..........#
#.<.........##.#.#.#.#.#.###
#............#.............#
###†.........###.#.#.#.#.#.#
.###..#......#.............#
## #..#........#.#.#.#.#.#.#
####....#..##..............#
.......#...##..#.#.#.#.#.#.#


You could see 2 killer bees.

Vanquished Creatures
  Eustachio (D:4)
  A black bear (D:4)
  2 phantoms (D:4)
  A scorpion (D:4)
  A hound (D:4)
  An orc priest (D:3)
  3 iguanas
  Jessica (D:2)
  An orc wizard (D:3)
  Robin (D:4)
  5 adders
  3 worms
  2 dart slugs
  4 orcs (D:3)
  4 ball pythons
  6 bats
  6 endoplasms
  5 giant cockroaches
  16 goblins
  7 hobgoblins
  4 kobolds
  2 quokkas (D:3)
  3 frilled lizards (D:1)
  5 rats
85 creatures vanquished.

Notes
Turn   | Place    | Note
-------+----------+-------------------------------------------
     0 | D:1      | Crownlay the Troll Fighter began the quest for the Orb.
     0 | D:1      | Reached XP level 1. HP: 22/22 MP: 0/0
   108 | D:1      | Found a faded altar of an unknown god.
   130 | D:1      | Reached XP level 2. HP: 29/29 MP: 1/1
   262 | D:1      | You fall into a shaft and drop 1 floor!
   306 | D:2      | Noticed Jessica
   313 | D:2      | Killed Jessica
   314 | D:2      | Reached skill level 3 in Unarmed Combat
   314 | D:2      | Reached XP level 3. HP: 22/36 MP: 2/2
   335 | D:2      | Found a shimmering altar of Xom.
   608 | D:1      | Reached XP level 4. HP: 44/44 MP: 3/3
  1708 | D:3      | Reached XP level 5. HP: 45/53 MP: 4/4
  1711 | D:3      | Reached skill level 4 in Unarmed Combat
  2141 | D:3      | Found Kain's Assorted Antiques.
  2156 | D:3      | Bought a scroll labelled LIMYPR XEBREON for 27 gold pieces
  2156 | D:3      | Bought a scroll labelled LIMYPR XEBREON for 27 gold pieces
  2156 | D:3      | Bought a scroll labelled SUODUC ECOBB for 27 gold pieces
  2563 | D:4      | Noticed Eustachio
  2578 | D:4      | Killed Eustachio
  2579 | D:4      | Reached XP level 6. HP: 22/61 MP: 5/5
  2582 | D:4      | Reached skill level 5 in Unarmed Combat
  2715 | D:4      | Noticed Robin
  2740 | D:4      | Killed Robin
  2741 | D:4      | Reached XP level 7. HP: 53/68 MP: 6/6
  2867 | D:4      | Reached skill level 6 in Unarmed Combat
  3172 | D:5      | Entered Level 5 of the Dungeon
  3236 | D:5      | Found a large runed translucent door.
  3236 | D:5      | Found a large runed translucent door.
  3241 | D:5      | Noticed t4s4d4r's ghost (novice OpEE)
  3269 | D:4      | HP: 1/70 [poisoned by a killer bee]
  3269 | D:4      | Slain by a killer bee

Illustrated notes

Levels and vault maps discovered:
D:1:      saegor_arrival_simple_d, layout_basic,
          hellmonk_ecumenical_altar_blasted, minmay_3d_cube
D:2:      layout_rooms, basic_altar, roderic_three_in_a_row,
          roderic_roman_lattice, uniq_jessica
D:3:      layout_loops_corners, serial_shops, nicolae_shop_waterfront
D:4:      black_bear_nest_2, layout_cave_pools, st_stairs_10, item_on_display_a,
          uniq_eustachio, uniq_robin
D:5:      layout_cave_pools, minmay_temple_entry_poolview,
          ebering_ghost_disaster_area, minivault_11, minmay_misc_feat_square

Skill      XL: |  1  2  3  4  5  6  7 |
---------------+----------------------+-----
Shields        | 3 4 |  4.6
Unarmed Combat | 3 4 5 6 |  6.2
Fighting       | 3 4 |  4.2
Dodging        | |  2.4

Action                     |  1- 3 |  4- 6 |  7- 9 || total
---------------------------+-------+-------+-------++-------
  Melee: Unarmed           |    74 |   119 |    52 ||   245
  Throw: Boomerang         |       |       |     1 ||     1
    Use: Scroll            |       |     1 |     1 ||     2
         Potion            |       |       |     2 ||     2
 Armour: Robe              |    27 |    47 |     9 ||    83
  Dodge: Dodged            |    16 |    39 |    16 ||    71
  Block: Kite shield       |    23 |    54 |    21 ||    98

Table legend: (Time is in decaauts)
 A = Elapsed time spent in this place.
 B = Non-inter-level travel time spent in this place.
 C = Inter-level travel time spent in this place.
 D = Time resting spent in this place.
 E = Time spent auto-exploring this place.
 F = Levels seen in this place.
 G = Mean time per level.
                   A        B        C        D        E       F      G
               +--------+--------+--------+--------+--------+-----+--------+
         Total |   3279 |   3155 |    124 |    100 |   2510 |   5 |  655.8 |
       Dungeon |   3279 |   3155 |    124 |    100 |   2510 |   5 |  655.8 |
               +--------+--------+--------+--------+--------+-----+--------+

Top non-repeatable levels by time:
     D:1: 936 daAuts
     D:3: 864 daAuts
     D:4: 807 daAuts
     D:2: 583 daAuts
     D:5: 87 daAuts
